 Dungeon Crawl Stone Soup version 0.27.1-15-g792fb953b9 (webtiles) character file.

Game seed: 4044301289010446746

1913 tizbic2 the Ducker (level 8, -1/91 HPs)
             Began as a Demonspawn Hunter on Nov 19, 2021.
             Was a Believer of Ru.
             Slain by a skeletal warrior (16 damage)
             ... on level 5 of the Dungeon.
             The game lasted 00:48:24 (5125 turns).

tizbic2 the Ducker (Demonspawn Hunter)              Turns: 5125, Time: 00:48:25

Health: -1/91      AC: 32    Str: 12    XL:     8   Next: 95%
Magic:  10/10      EV:  2    Int: 12    God:    Ru [**....]
Gold:   62         SH:  0    Dex: 15    Spells: 10/10 levels left

rFire    . . .     SeeInvis .   q - +5 dagger "Rychie" {freeze, Fly rPois rN++ Str-2}
rCold    . . .     Faith    .   (no shield)
rNeg     + + +     Spirit   .   (armour currently unavailable)
rPois    +         Reflect  .   (helmet currently unavailable)
rElec    .         Harm     .   (cloak currently unavailable)
rCorr    .         Rampage  .   (gloves currently unavailable)
Will     .....     NoTele   +   (boots currently unavailable)
Stlth    ++........             (no amulet)
HPRegen  0.25/turn              f - +4 ring of protection
MPRegen  0.12/turn              v - +4 ring of protection

@: tree-form
A: stationary, stasis, torment immunity, boosted hp, (claws 2), (yellow scales
1), (spiny 2), inability to use devices
a: Renounce Religion


You were on level 5 of the Dungeon.
You worshipped Ru.
Ru was pleased with you.
You were a tree.
You visited 2 branches of the dungeon, and saw 7 of its levels.

You collected 309 gold pieces.
You spent 247 gold pieces at shops.

Inventory:

Hand Weapons
 a - a +6 hunting sling of freezing
 q - the +5 dagger "Rychie" (weapon) {freeze, Fly rPois rN++ Str-2}
   (You found it on level 6 of the Dungeon)

   It freezes those it strikes, dealing additional cold damage.
   It can also slow down cold-blooded creatures.
   Str:       It affects your strength (-2).
   rPois:     It protects you from poison.
   rN:        It greatly protects you from negative energy.
   Fly:       It grants you flight.
 s - a +0 long sword
 u - a +5 hunting sling of flaming
 w - a +0 falchion
Missiles
 c - 3 javelins
 d - 3 throwing nets
 e - 20 poisoned darts (quivered)
 g - 65 stones
 n - 23 sling bullets
Armour
 b - a +3 leather armour of cold resistance (melded)
Jewellery
 f - a +4 ring of protection (left branch)
 k - a +6 ring of dexterity
 r - a ring of fire
 v - a +4 ring of protection (right branch)
Scrolls
 m - a scroll of identify
 o - 3 scrolls of amnesia
 p - a scroll of fog
Potions
 h - a potion of brilliance
 i - a potion of might
 j - 2 potions of lignification
 t - a potion of curing {unknown}


   Skills:
 + Level 4.5 Fighting
 + Level 2.3 Long Blades
 - Level 1.3 Maces & Flails
 * Level 5.1(5.7) Slings
 - Level 3.8(5.1) Throwing
 + Level 2.4 Armour
 * Level 5.7 Dodging
 - Level 0.8 Stealth
 + Level 3.3 Unarmed Combat
 - Level 1.7 Spellcasting
 + Level 1.3 Earth Magic


You had 10 spell levels left.
You didn't know any spells.
Your spell library contained the following spells:

 Spells                   Type           Power      Damage    Failure   Level
 Sandblast                Erth           8%         2d5       16%         1
 Passwall                 Tmut/Erth      1%         N/A       32%         2
 Passage of Golubria      Tloc           N/A        N/A       95%         4
 Lee's Rapid Deconstruct  Erth           2%         3d5*      99%         5
 Silence                  Hex/Air        0%         N/A       100%        5
 Lehudib's Crystal Spear  Conj/Erth      1%         10d2      100%        8


Dungeon Overview and Level Annotations

Branches:
Dungeon (6/15)             Temple (1/1) D:4

Altars:
Ashenzari
Cheibriados
Dithmenos
Elyvilon
Fedhas
Gozag
Hepliaklqana
Makhleb
Nemelex Xobeh
Ru
Sif Muna
Trog
Uskayaw
Vehumet
Wu Jian
Yredelemnul
Zin
The Shining One

Shops:
D:1 (   D:4 *   D:5 (

Annotations:
D:3 Sigmund


Innate Abilities, Weirdness & Mutations

You are a tree.
Your roots penetrate the ground, keeping you stationary.
You cannot be teleported.
You are immune to unholy pain and torment.
Your maximum health is greatly increased.
Your equipment is partially melded.
((You have very sharp fingernails.))
((You are partially covered in yellow scales. (AC +2)))
((You are mostly covered in sharp spines.))
You cannot study or use magical devices.


Message History

The skeletal warrior hits you with a +0 long sword!!
There is an open door here.
You reach down and open the door.
The skeletal warrior hits you with a +0 long sword!
There is an open door, spattered with blood here.
There is a stone staircase leading up here.
You fly upwards.
There is a stone staircase leading down here.
You hit the skeletal warrior but do no damage.
The skeletal warrior is lightly damaged.
The skeletal warrior hits you with a +0 long sword!
* * * LOW HITPOINT WARNING * * *
Really quaff the potion of lignification?
You turn into a tree.
Your +3 leather armour of cold resistance melds into your body.
You feel less resistant to cold.
Your roots penetrate the ground.
The skeletal warrior hits you but does no damage.
You hit the skeletal warrior.
The skeletal warrior is moderately damaged.
The skeletal warrior completely misses you.
You hit the skeletal warrior.
The skeletal warrior is moderately damaged.
You hit the skeletal warrior but do no damage.
The skeletal warrior is moderately damaged.
The skeletal warrior hits you with a +0 long sword.
* * * LOW HITPOINT WARNING * * *
You hit the skeletal warrior but do no damage.
The skeletal warrior is moderately damaged.
The skeletal warrior hits you with a +0 long sword.
* * * LOW HITPOINT WARNING * * *
You hit the skeletal warrior but do no damage.
The skeletal warrior is moderately damaged.
The skeletal warrior hits you but does no damage.
You puncture the skeletal warrior!
The skeletal warrior is moderately damaged.
The skeletal warrior hits you but does no damage.
You hit the skeletal warrior.
The skeletal warrior is heavily damaged.
The skeletal warrior hits you with a +0 long sword!
You die...

#..........######.
#............))...
#..........######.
#.########.# #.
#.########.# #.
#.##......)#### ##
###.##.#####.)..#
#.......#######.####
#..♣z...+...........
#.......#####.#.....
#.......#####.#..###
#...........#.#<....
#........##.#....###
#........# ####.#
#........# .## #.#
########.##.. #.#
#.#.. #.#


You could see a skeletal warrior.

Vanquished Creatures
  An unseen horror (D:5)
  Prince Ribbit (D:5)
  2 sky beasts
  A necrophage (D:5)
  An ogre (D:4)
  A phantom (D:4)
  A scorpion (D:5)
  2 wyvern skeletons
  A bullfrog zombie (D:6)
  A hound (D:5)
  A centaur zombie (D:6)
  A gnoll shaman (D:5)
  2 jellies
  6 orc priests
  A bullfrog skeleton (D:5)
  A centaur skeleton (D:4)
  3 iguanas
  Natasha (twice) (D:4)
  2 orc wizards
  A statue (D:3)
  9 gnolls (D:5)
  7 adders
  An ufetubus (D:5)
  An adder skeleton (D:4)
  A dart slug (D:2)
  11 orcs
  A bat (D:1)
  6 endoplasms
  A giant cockroach (D:2)
  4 goblins
  8 hobgoblins
  5 jackals
  13 kobolds
  4 quokkas
  8 ball pythons
  5 frilled lizards
  4 rats
121 creatures vanquished.

Vanquished Creatures (others)
  A gnoll sergeant (D:5)
1 creature vanquished.

Grand Total: 122 creatures vanquished

Notes
Turn   | Place    | Note
-------+----------+-------------------------------------------
     0 | D:1      | tizbic2 the Demonspawn Hunter began the quest for the Orb.
     0 | D:1      | Reached XP level 1. HP: 16/16 MP: 1/1
   224 | D:1      | Gained mutation: You are partially covered in sharp spines.
                  | [demonic ancestry]
   224 | D:1      | Reached XP level 2. HP: 22/22 MP: 2/2
   798 | D:1      | Found Meiceptot's Antique Weapon Boutique.
   896 | D:2      | Reached XP level 3. HP: 22/27 MP: 4/4
   922 | D:2      | Reached skill level 1 in Spellcasting
  1057 | D:2      | Reached skill level 1 in Slings
  1191 | D:2      | Found a faded altar of an unknown god.
  1230 | D:2      | Gained mutation: You have sharp fingernails. [demonic
                  | ancestry]
  1230 | D:2      | Reached XP level 4. HP: 34/34 MP: 5/5
  1319 | D:1      | Bought a runed hunting sling for 103 gold pieces
  2020 | D:3      | Found a radiant altar of Vehumet.
  2020 | D:3      | Noticed a charred statue
  2024 | D:3      | Killed a charred statue
  2123 | D:3      | Reached skill level 1 in Unarmed Combat
  2123 | D:3      | Gained mutation: You are mostly covered in sharp spines.
                  | [demonic ancestry]
  2123 | D:3      | Reached XP level 5. HP: 39/39 MP: 7/7
  2180 | D:3      | Found a snail-covered altar of Cheibriados.
  2404 | D:3      | Noticed Sigmund
  2750 | D:4      | Found a staircase to the Ecumenical Temple.
  2765 | Temple   | Entered the Ecumenical Temple
  2854 | Temple   | Became a worshipper of Ru the Awakened
  2902 | D:4      | Found Waleom's CLEARANCE SALE! EVERYTHING MUST GO!.
  2921 | D:4      | Gained mutation: You are partially covered in yellow
                  | scales. (AC +2) [demonic ancestry]
  2921 | D:4      | Reached XP level 6. HP: 47/47 MP: 8/8
  3092 | D:4      | Reached skill level 1 in Maces & Flails
  3141 | D:4      | Reached XP level 7. HP: 41/52 MP: 9/9
  3243 | D:4      | Noticed Natasha
  3250 | D:4      | Killed Natasha
  3538 | D:4      | Noticed Natasha
  3542 | D:4      | Killed Natasha
  3646 | D:5      | Entered Level 5 of the Dungeon
  3735 | D:5      | Reached skill level 1 in Armour
  3744 | D:5      | Reached skill level 1 in Long Blades
  3883 | D:5      | Noticed Prince Ribbit
  3900 | D:5      | Killed Prince Ribbit
  3901 | D:5      | Gained mutation: You have very sharp fingernails. [demonic
                  | ancestry]
  3901 | D:5      | Reached XP level 8. HP: 32/60 MP: 10/10
  4042 | D:5      | Reached skill level 5 in Dodging
  4189 | D:5      | Gained mutation: You cannot study or use magical devices.
                  | [Ru sacrifice]
  4189 | D:5      | Reached * piety under Ru
  4189 | D:5      | Reached ** piety under Ru
  4192 | D:5      | Found a basalt altar of Yredelemnul.
  4617 | D:5      | Found Ishy's Antique Weapon Emporium.
  4626 | D:5      | Bought a runed hunting sling for 144 gold pieces
  4829 | D:5      | Killed an unseen horror
  4830 | D:5      | Reached skill level 5 in Slings
  4830 | D:5      | Reached skill level 1 in Earth Magic
  5095 | D:6      | Identified the +5 dagger "Rychie" {freeze, Fly rPois rN++
                  | Str-2}
  5103 | D:6      | Noticed a skeletal warrior
  5103 | D:6      | Noticed a skeletal warrior
  5103 | D:6      | Noticed a skeletal warrior
  5125 | D:5      | Slain by a skeletal warrior

Illustrated notes

Levels and vault maps discovered:
D:1:      psy_arrival_radial01, layout_rooms, serial_shops,
          nicolae_lakefront_shop, chequers_serial_rivers_micro_d
D:2:      layout_loops_cross, hellmonk_ecumenical_altar_lost_god
D:3:      kennysheep_the_goblin_king, layout_loops_ring, vehumet_statue,
          pf_just_have_faith, uniq_sigmund
D:4:      layout_basic, minmay_temple_entry_steel_oval,
          chequers_serial_rivers_small_3, nicolae_shop_clearance, uniq_natasha
D:5:      layout_basic, kennysheep_ying_yang, serial_shops, nicolae_square_shop,
          kennysheep_generic_room_5, uniq_prince_ribbit1
D:6:      layout_loops_corners, xom_butterflies, minmay_crystal_room,
          kennysheep_generic_room_9
Temple:   eino_temple_water

Skill      XL: |  1  2  3  4  5  6  7  8 |
---------------+-------------------------+-----
Dodging        | 2 3 4 5 |  5.7
Spellcasting   | 1 |  1.7
Slings         | 1 2 3 4 5 |  5.1
Unarmed Combat | 1 2 3 |  3.3
Fighting       | 3 4 |  4.5
Maces & Flails | 1 |  1.3
Armour         | 1 2 |  2.4
Long Blades    | 1 2 |  2.3
Earth Magic    | 1 |  1.3
Throwing       | |  3.8
Stealth        | |  0.8

Action                   |  1- 3 |  4- 6 |  7- 9 || total
-------------------------+-------+-------+-------++-------
Melee: Short sword       |    26 |    17 |       ||    43
       Club              |     1 |       |       ||     1
       Long sword        |       |     7 |     2 ||     9
       Falchion          |       |       |    59 ||    59
       Dagger            |       |       |     8 ||     8
       Hunting sling     |       |       |     1 ||     1
       Punch             |       |       |     1 ||     1
 Fire: Hunting sling     |    41 |    47 |    43 ||   131
Throw: Javelin           |    17 |    10 |    18 ||    45
       Stone             |     7 |       |       ||     7
       Dart              |       |     3 |    16 ||    19
Invok: Sacrifice Artific |       |       |     1 ||     1
  Use: Scroll            |     4 |     3 |     2 ||     9
       Potion            |       |       |     2 ||     2
Armor: Leather armour    |     9 |     9 |    43 ||    61
       Chain mail        |     3 |     3 |       ||     6
       Skin              |       |       |     3 ||     3
Dodge: Dodged            |    14 |    21 |    57 ||    92
       Rpst.: Long sword |       |     2 |       ||     2
       Falchion          |       |       |     7 ||     7
